 Dungeon Crawl Stone Soup version 0.28-a0-60-g54b5640690 (webtiles) character file.

Game seed: 14556398586370165446

76696 Spaninq the Brawler (level 15, -4/163 HPs)
             Began as a Troll Chaos Knight on July 30, 2021.
             Was a Plaything of Xom.
             Shot with an arrow by a deep elf archer (24 damage)
             ... on level 1 of the Elven Halls.
             The game lasted 01:57:16 (20491 turns).

Spaninq the Brawler (Troll Chaos Knight)           Turns: 20491, Time: 01:57:17

Health: -4/163     AC: 11    Str: 33    XL:     15   Next: 13%
Magic:  14/14      EV:  9    Int: 17    God:    Xom [*.....]
Gold:   1933       SH: 17    Dex:  7    Spells: 14/14 levels left

rFire   + + .      SeeInvis .     - Unarmed
rCold   + . .      Faith    .   G - +0 kite shield {reflect}
rNeg    + . .      Spirit   .   c - +2 robe
rPois   +          Reflect  +   (helmet restricted)
rElec   .          Harm     .   O - +0 cloak {rPois}
rCorr   .          Rampage  .   (gloves unavailable)
Will    ++++.                   (boots unavailable)
Stlth   +.........              h - amulet of reflection
HPRegen 1.37/turn               d - ring of Life {rF+ rN+ Str+6 Int+9 Dex-2}
MPRegen 0.14/turn               j - ring of Icustreh {rC+ AC+4}

@: death channeling
A: large, unfitting armour, claws 3, regeneration 1, shaggy fur 1, tough skin 1,
talons 1, fire resistance 1, strong-willed 3, weak 1
a: Renounce Religion


You were on level 1 of the Elven Halls.
You worshipped Xom.
You were a special plaything of Xom.
You visited 5 branches of the dungeon, and saw 22 of its levels.

You collected 1933 gold pieces.

Inventory:

Hand Weapons
 a - the +8 hunting sling of Dominance {flame, Will+ SInv}
   (You acquired it on level 3 of the Dungeon)

   Any ammunition fired from it burns those it strikes, dealing additional fire
   damage.
   SInv:      It lets you see invisible.
   Will:      It increases your willpower.
 A - a +4 hand axe of freezing
 D - the +9 dagger "Urrydd" {vorpal, rElec rPois rF+ Str+4}
   (You found it on level 10 of the Dungeon)

   It inflicts extra damage upon your enemies.
   Str:       It affects your strength (+4).
   rF:        It protects you from fire.
   rElec:     It insulates you from electricity.
   rPois:     It protects you from poison.
Missiles
 n - 657 stones (quivered)
 o - 204 sling bullets
Armour
 c - a +2 robe (worn)
 G - a +0 kite shield of reflection (worn)
 J - +0 acid dragon scales
 K - a scarf of repulsion
 M - a scarf of resistance
 O - a +0 cloak of poison resistance (worn)
Jewellery
 d - the ring of Life (left claw) {rF+ rN+ Str+6 Int+9 Dex-2}
   (You acquired it on level 5 of the Dungeon)

   [ring of strength]

   Str:       It affects your strength (+6).
   Int:       It affects your intelligence (+9).
   Dex:       It affects your dexterity (-2).
   rF:        It protects you from fire.
   rN:        It protects you from negative energy.
 h - an amulet of reflection (around neck)
 j - the ring of Icustreh (right claw) {rC+ AC+4}
   (You found it on level 5 of the Dungeon)

   [ring of protection]

   AC:        It affects your AC (+4).
   rC:        It protects you from cold.
 s - the ring "Rakeuxze" {rPois Int+3 SInv}
   (You acquired it on level 10 of the Dungeon)

   [ring of poison resistance]

   Int:       It affects your intelligence (+3).
   rPois:     It protects you from poison.
   SInv:      It lets you see invisible.
 z - a ring of protection from cold
 I - a ring of fire
Wands
 p - a wand of flame (94)
 t - a wand of iceblast (20)
 B - a wand of digging (5)
 C - a wand of acid (15)
 F - a wand of polymorph (25)
 N - a wand of paralysis (5)
Scrolls
 k - 3 scrolls of fog
 l - 3 scrolls of amnesia
 v - 8 scrolls of teleportation
 w - a scroll of enchant weapon
 y - a scroll of magic mapping
 E - 3 scrolls of enchant armour
 H - 3 scrolls of identify
 L - 3 scrolls of fear
Potions
 b - a potion of cancellation
 e - 2 potions of resistance
 f - 2 potions of invisibility
 g - 4 potions of curing
 i - 3 potions of brilliance
 m - 3 potions of mutation
 r - a potion of magic
 x - a potion of flight


   Skills:
 + Level 14.0 Fighting
 + Level 5.6 Slings
 - Level 1.9 Dodging
 + Level 9.7 Shields
 * Level 18.1 Unarmed Combat


You had 14 spell levels left.
You didn't know any spells.
Your spell library contained the following spells:

 Spells                   Type           Power      Damage    Failure   Level
 Animate Skeleton         Necr           0%         N/A       24%         1
 Apportation              Tloc           0%         N/A       24%         1
 Corona                   Hex            0%         N/A       24%         1
 Shock                    Conj/Air       0%         1d3       24%         1
 Summon Small Mammal      Summ           0%         N/A       24%         1
 Ensorcelled Hibernation  Hex/Ice        0%         N/A       34%         2
 Gell's Gravitas          Tloc           0%         N/A       56%         3
 Ignite Poison            Fire/Tmut/Pois 0%         N/A       56%         3
 Inner Flame              Hex/Fire       0%         N/A       56%         3
 Lesser Beckoning         Tloc           0%         N/A       56%         3
 Mephitic Cloud           Conj/Pois/Air  0%         N/A       56%         3
 Swiftness                Air            0%         N/A       56%         3
 Teleport Other           Tloc           0%         N/A       56%         3
 Tukima's Dance           Hex            0%         N/A       56%         3
 Airstrike                Air            0%         N/A       93%         4
 Cause Fear               Hex            0%         N/A       93%         4
 Fulminant Prism          Conj/Hex       0%         3d6       93%         4
 Iskenderun's Mystic Bla  Conj/Tloc      0%         2d3       93%         4
 Olgreb's Toxic Radiance  Pois           0%         N/A       93%         4
 Passage of Golubria      Tloc           N/A        N/A       93%         4
 Alistair's Intoxication  Tmut/Pois      0%         N/A       100%        5
 Bolt of Magma            Conj/Fire/Erth 0%         4d4       100%        5
 Freezing Cloud           Conj/Ice/Air   0%         6-21      100%        5
 Lee's Rapid Deconstruct  Erth           0%         3d5*      100%        5
 Yara's Violent Unravell  Hex/Tmut       0%         3d3       100%        5
 Invisibility             Hex            0%         N/A       100%        6
 Simulacrum               Ice/Necr       0%         N/A       100%        6
 Storm Form               Tmut/Air       0%         N/A       100%        7
 Discord                  Hex            0%         N/A       100%        8
 Polar Vortex             Ice            0%         N/A       100%        9


Dungeon Overview and Level Annotations

Branches:
Dungeon (14/15)            Temple (1/1) D:6            Lair (4/6) D:10
 Shoals (0/4) Lair:2       Spider (0/4) Lair:4          Orc (2/2) D:12
    Elf (1/3) Orc:2        Vaults (0/5) D:13

Altars:
Ashenzari
Cheibriados
Dithmenos
Elyvilon
Fedhas
Gozag
Hepliaklqana
Kikubaaqudgha
Makhleb
Nemelex Xobeh
Okawaru
Qazlal
Ru
Sif Muna
Trog
Uskayaw
Vehumet
Wu Jian
Xom
Yredelemnul
Zin
The Shining One
Beogh

Shops:
D:6 :   Orc:1 *   Orc:2 !([(

Annotations:
D:9 3 runed translucent doors, CowFu's ghost, journeyman MiFi
D:14 2 transporters, Nefoifoa's ghost, journeyman TeGl
Lair:4 exclusion: oklob plant


Innate Abilities, Weirdness & Mutations

You are too large for most types of armour.
You have claws for hands.
Your natural rate of healing is unusually fast.
You are covered in fur. (AC +1)
You have tough skin. (AC +1)
You have sharp toenails.
Your flesh is heat resistant. (rF+)
You are extremely strong-willed. (Will+++)
You are weak. (Str -2)


Message History

The deep elf archer shoots an arrow.
The arrow hits you!!
You mangle the deep elf archer!! Your kick misses the deep elf archer.
The deep elf archer is almost dead.
The deep elf archer blinks!
You barely miss the deep elf archer. Your kick misses the deep elf archer.
The deep elf archer is almost dead.
The deep elf archer shoots an arrow.
The arrow hits you!!
* * * LOW HITPOINT WARNING * * *
The deep elf archer blinks!
You feel much better.
The deep elf archer shoots an arrow.
The arrow hits you!
* * * LOW HITPOINT WARNING * * *
The deep elf archer unwields a +0 dagger.
The deep elf archer wields a +0 shortbow.
The deep elf archer shoots an arrow.
The arrow hits you!!
* * * LOW HITPOINT WARNING * * *
You feel much better.
Xom makes a sudden noise!
You hear the tinkle of an enormous bell.
The deep elf archer shoots an arrow.
The arrow hits you!!
* * * LOW HITPOINT WARNING * * *
You feel much better.
Xom titters.
You are confused.
The deep elf archer shoots an arrow.
The arrow hits you!
* * * LOW HITPOINT WARNING * * *
The deep elf archer shoots an arrow.
The arrow hits you!!
* * * LOW HITPOINT WARNING * * *
You feel much better.
The deep elf archer points at you and mumbles some strange words.
You resist with almost no effort.
The deep elf archer shoots an arrow.
The arrow hits you!
* * * LOW HITPOINT WARNING * * *
You feel much better.
The deep elf archer shoots an arrow.
The arrow hits you!
* * * LOW HITPOINT WARNING * * *
The deep elf archer shoots an arrow.
The arrow hits you.
* * * LOW HITPOINT WARNING * * *
Okay, then.
You feel better.
The deep elf archer shoots an arrow.
The arrow hits you!
* * * LOW HITPOINT WARNING * * *
The deep elf archer shoots an arrow.
The arrow hits you!!
You die...

##'#.### .(.....
##)#### .(.....
#######.##
######(......
#8≈≈...## ##...#e#
#≈≈≈.+## ##.....##
#≈≈≈..## #.......#
#≈≈≈...#####...8...#
+≈≈≈...'...'.e....)#
#≈≈≈...######...@.##
#≈≈≈..## +#...###
#≈≈≈..# ##+###..
#8≈≈..# #... #######
.... ... ..


You could see 2 deep elf archers.

Vanquished Creatures
  An orc warlord (D:12)
  Snorg (D:13)
  An ettin (Orc:1)
  4 hydras
  Erolcha (D:13)
  4 ogre magi (Orc:2)
  A boulder beetle (D:13)
  5 centaur warriors
  A death knight (D:11)
  19 two-headed ogres
  3 dancing weapons
  A tengu warrior (D:13)
  6 death yaks
  Sonja (D:11)
  3 deep elf knights
  A death drake (D:13)
  A swamp dragon (D:10)
  4 deep elf archers
  A wizard (D:14)
  12 deep elf pyromancers
  12 deep elf zephyrmancers
  An orb spider (D:8)
  A manticore (D:11)
  2 cyclopes
  2 orc sorcerers
  An ugly thing (D:11)
  5 slime creatures
  3 black mambas
  A gargoyle (D:10)
  5 cane toads
  A rime drake (Lair:3)
  2 unseen horrors
  6 komodo dragons
  2 jumping spiders (Lair:4)
  3 trolls
  3 merfolk
  Grinder (D:4)
  7 dream sheep (Lair:4)
  2 shadows (D:12)
  2 spriggans (Lair:4)
  22 yaks
  An air elemental (Elf:1)
  Grum (D:10)
  A wyvern (Lair:3)
  A golden eye (shapeshifter) (D:10)
  A basilisk (Lair:3)
  3 vampire mosquitoes (D:12)
  4 wargs
  2 acid dragons
  9 water moccasins
  12 orc warriors
  A sky beast (D:5)
  A hornet zombie (D:8)
  5 black bears
  An ice beast (D:8)
  14 wolves
  A necrophage (D:6)
  26 ogres
  10 centaurs
  3 phantoms
  3 kobold brigands
  7 bullfrogs
  A wyvern zombie (D:8)
  3 gnoll sergeants
  2 scorpions
  A water moccasin zombie (D:5)
  2 water moccasin skeletons
  A wyvern skeleton (D:7)
  3 killer bees (D:8)
  A troll zombie (D:12)
  21 wights
  4 centaur zombies
  A bullfrog zombie (D:6)
  12 orc priests
  A jelly (D:7)
  A gnoll shaman (D:6)
  3 centaur skeletons
  An iguana (D:6)
  19 orc wizards
  7 ogre zombies (D:12)
  2 mummies
  A howler monkey zombie (D:8)
  4 adders
  21 gnolls
  An adder zombie (D:5)
  2 worms
  4 dart slugs
  48 orcs
  13 endoplasms
  9 giant cockroaches
  11 goblins
  4 hobgoblins
  8 jackals
  5 quokkas
  8 ball pythons
  5 bats
  2 frilled lizards (D:1)
  A goblin skeleton (D:12)
  3 goblin zombies (D:12)
  2 hobgoblin skeletons (D:12)
  2 hobgoblin zombies
  21 kobolds
  2 kobold zombies (D:4)
  2 orc skeletons (D:12)
  16 orc zombies
  2 rats
545 creatures vanquished.

Vanquished Creatures (collateral kills)
  A hydra (Lair:2)
  A deep elf archer (Elf:1)
  2 merfolk (Lair:2)
  3 yaks
  A sky beast (D:5)
  2 wights
  Robin (D:3)
  2 gnolls (D:3)
  A bat (D:2)
  A giant cockroach (D:2)
  A goblin (D:3)
  A hobgoblin (D:3)
  A ball python (D:2)
18 creatures vanquished.

Vanquished Creatures (others)
  A dancing weapon (D:9)
  An orc (Orc:1)
  An orc zombie (D:12)
  27 fungi
  48 plants
78 creatures vanquished.

Grand Total: 641 creatures vanquished

Notes
Turn   | Place    | Note
-------+----------+-------------------------------------------
     0 | D:1      | Spaninq the Troll Chaos Knight began the quest for the Orb.
     0 | D:1      | Reached XP level 1. HP: 22/22 MP: 0/0
   199 | D:1      | Reached XP level 2. HP: 25/29 MP: 1/1
   396 | D:1      | XOM: divination: detect items
   470 | D:1      | Found a faded altar of an unknown god.
   503 | D:1      | XOM: 1-stop teleportation journey
   526 | D:1      | XOM: divination: magic mapping
   656 | D:1      | Reached XP level 3. HP: 36/36 MP: 2/2
   691 | D:1      | XOM: silly message
   745 | D:1      | XOM: noise
   858 | D:1      | XOM: cloud trail
   956 | D:2      | Reached skill level 4 in Unarmed Combat
   975 | D:2      | XOM: summons friendly ufetubus
  1209 | D:2      | Reached XP level 4. HP: 45/45 MP: 3/3
  1411 | D:2      | XOM: god gift: Trismegistus Codex
  1512 | D:3      | XOM is BORED!
  1512 | D:3      | XOM: 3-stop teleportation journey
  1619 | D:3      | Noticed Robin
  1623 | D:3      | Reached skill level 5 in Unarmed Combat
  1634 | D:3      | Identified 2 scrolls of acquirement
  1634 | D:3      | Acquired a manual of Fighting
  1644 | D:3      | Reached XP level 5. HP: 24/53 MP: 4/4
  1665 | D:3      | Killed Robin
  1684 | D:3      | Acquired the +8 hunting sling of Dominance {flame, Will+
                  | SInv}
  2167 | D:3      | XOM: cloud trail
  2267 | D:4      | Noticed a black bear
  2400 | D:3      | Killed a black bear
  2401 | D:3      | Reached skill level 6 in Unarmed Combat
  2401 | D:3      | Reached XP level 6. HP: 38/63 MP: 5/5
  2622 | D:4      | XOM: give mutations
  2622 | D:4      | Gained mutation: Your mind is acute. (Int +2) [Xom's grace]
  2622 | D:4      | Gained mutation: You are strong-willed. (Will+) [Xom's
                  | grace]
  2622 | D:4      | Gained mutation: You are partially covered in iridescent
                  | scales. (AC +2) [Xom's grace]
  2628 | D:4      | Found a shimmering altar of Xom.
  2661 | D:4      | Found a blossoming altar of Fedhas.
  2703 | D:4      | XOM: 1-stop teleportation journey
  2833 | D:4      | Reached skill level 5 in Fighting
  3019 | D:4      | Noticed Grinder
  3042 | D:4      | Killed Grinder
  3043 | D:4      | Reached skill level 7 in Unarmed Combat
  3043 | D:4      | Reached XP level 7. HP: 72/72 MP: 6/6
  3149 | D:5      | Entered Level 5 of the Dungeon
  3164 | D:5      | XOM: noise
  3257 | D:5      | XOM: 3-stop teleportation journey
  3278 | D:5      | XOM: cast spell 'Summon Horrible Things'
  3349 | D:5      | Acquired the ring of Life {rF+ rN+ Str+6 Int+9 Dex-2}
  3371 | D:5      | Reached skill level 8 in Unarmed Combat
  3414 | D:5      | XOM: 5-stop teleportation journey
  3426 | D:5      | Identified the ring of Icustreh {rC+ AC+4}
  3480 | D:5      | Reached XP level 8. HP: 84/84 MP: 7/7
  3530 | D:5      | XOM: silly message
  3818 | D:5      | XOM: 1-stop teleportation journey
  3994 | D:5      | Found a broken altar of Ashenzari.
  3994 | D:5      | Found an iron altar of Okawaru.
  3994 | D:5      | Found an opulent altar of Gozag.
  4119 | D:6      | Reached skill level 9 in Unarmed Combat
  4172 | D:6      | Found a glowing silver altar of Zin.
  4341 | D:6      | Found a staircase to the Ecumenical Temple.
  4347 | Temple   | Entered the Ecumenical Temple
  4547 | D:6      | Reached skill level 1 in Slings
  4802 | D:7      | XOM: noise
  4860 | D:7      | XOM: 5-stop teleportation journey
  4878 | D:7      | Reached XP level 9. HP: 96/96 MP: 8/8
  4897 | D:7      | XOM: give mutations
  4897 | D:7      | Gained mutation: Armour fits poorly on your strangely
                  | shaped body. [Xom's mischief]
  4897 | D:7      | Gained mutation: Your muscles are strong. (Str +2) [Xom's
                  | mischief]
  4897 | D:7      | Lost mutation: Armour fits poorly on your strangely shaped
                  | body. [Xom's mischief]
  4897 | D:7      | Gained mutation: You are highly strong-willed. (Will++)
                  | [Xom's mischief]
  4937 | D:7      | Found an ancient bone altar of Kikubaaqudgha.
  5017 | D:7      | Reached skill level 10 in Unarmed Combat
  5040 | D:7      | XOM is BORED!
  5040 | D:7      | XOM: noise
  5145 | D:7      | XOM: god gift: scroll of vulnerability
  5157 | D:6      | Found Mobalici's Book Emporium.
  5254 | D:6      | XOM: give mutation
  5254 | D:6      | Gained mutation: You have a pair of small antennae on your
                  | head. [Xom's grace]
  5400 | D:7      | XOM: 3-stop teleportation journey
  5480 | D:7      | Found an ornate altar of the Wu Jian Council.
  6002 | D:7      | XOM: give mutation
  6002 | D:7      | Gained mutation: You have sharp toenails. [Xom's grace]
  6049 | D:7      | XOM: god gift: hunting sling {god gift}
  6228 | D:8      | Found a basalt altar of Yredelemnul.
  6268 | D:8      | Noticed a two-headed ogre
  6268 | D:8      | XOM: cast spell 'Chain of Chaos'
  6272 | D:8      | Noticed an orb spider
  6272 | D:8      | a two-headed ogre changed into an orb spider
  6272 | D:8      | XOM: polymorph two-headed ogre -> orb spider
  6275 | D:8      | Killed an orb spider
  6276 | D:8      | Reached skill level 11 in Unarmed Combat
  6319 | D:8      | XOM: cloud trail
  6340 | D:8      | XOM: divination: magic mapping
  6343 | D:8      | XOM: summons 5 friendly demons
  6362 | D:8      | Reached skill level 1 in Shields
  6378 | D:8      | XOM: cast spell 'Summon Hydra'
  6566 | D:8      | XOM: confuse monster(s)
  6643 | D:8      | XOM: confuse monster(s)
  6765 | D:8      | Reached XP level 10. HP: 103/107 MP: 9/9
  6917 | D:9      | Noticed a two-headed ogre
  6920 | D:9      | XOM: 1-stop teleportation journey
  6951 | D:9      | XOM: destruction
  6954 | D:9      | XOM: 3-stop teleportation journey
  7016 | D:9      | XOM: cloud trail
  7037 | D:9      | Reached skill level 12 in Unarmed Combat
  7190 | D:7      | XOM: cloud trail
  7312 | D:9      | Reached skill level 10 in Fighting
  7329 | D:9      | Killed a two-headed ogre
  7386 | D:9      | Got Qoteff's Volume of the Birds and Contamination
  7418 | D:9      | Found a runed translucent gate.
  7418 | D:9      | Found a runed translucent gate.
  7419 | D:9      | Found a runed translucent gate.
  7423 | D:9      | Noticed CowFu's ghost (journeyman MiFi)
  7426 | D:9      | Identified the +12 plate armour "Popo" {Slay+3}
  7545 | D:9      | XOM: enchant monster (good)
  7888 | D:10     | Entered Level 10 of the Dungeon
  7899 | D:10     | XOM: cleaving
  7971 | D:10     | Found a snail-covered altar of Cheibriados.
  7995 | D:10     | Found a staircase to the Lair.
  8032 | D:10     | Acquired the ring "Rakeuxze" {rPois Int+3 SInv}
  8037 | D:10     | XOM: 1-stop teleportation journey
  8039 | D:10     | XOM: summons friendly quasit
  8054 | D:10     | XOM: potion effect (invisibility)
  8158 | D:10     | XOM: summons friendly white imp
  8165 | D:10     | XOM: polymorph slime creature -> shapeshifter
  8341 | D:10     | Identified the +9 dagger "Urrydd" {vorpal, rElec rPois rF+
                  | Str+4}
  8421 | D:10     | Noticed Grum
  8432 | D:10     | Killed Grum
  8436 | D:10     | XOM: cleaving
  8442 | D:10     | Reached XP level 11. HP: 105/119 MP: 10/10
  8448 | D:10     | XOM: summons 2 hostile demons
  8450 | D:10     | Noticed a swamp dragon
  8450 | D:10     | a slime creature changed into a swamp dragon
  8450 | D:10     | XOM: polymorph very large slime creature -> komodo dragon
  8453 | D:10     | XOM: noise
  8454 | D:10     | XOM: stat loss: -1 Str (32/33)
  8594 | D:10     | XOM: noise
  8680 | D:10     | XOM: noise
  8683 | D:10     | Reached skill level 13 in Unarmed Combat
  8951 | D:10     | XOM: noise
  9020 | D:10     | XOM: chaos cloud
  9176 | D:10     | XOM: torment (67/120 hp)
  9225 | D:10     | XOM: noise
  9312 | D:10     | XOM: summons 1 hostile demon
  9318 | D:10     | Found a white marble altar of Elyvilon.
  9320 | D:10     | Found a bloodstained altar of Trog.
  9523 | D:10     | Killed a swamp dragon
  9527 | D:10     | XOM is BORED!
  9527 | D:10     | XOM: give mutation
  9527 | D:10     | Lost mutation: You have a pair of small antennae on your
                  | head. [Xom's mischief]
  9630 | D:11     | Noticed a death knight
  9651 | D:11     | Killed a death knight
  9724 | D:11     | Noticed an eight-headed hydra
  9809 | D:11     | Noticed Sonja
  9862 | D:11     | XOM: enchant monster (bad)
  9878 | D:11     | XOM: 4-stop teleportation journey
  9921 | D:11     | XOM: enchant monster (good)
  9925 | D:11     | Reached skill level 5 in Shields
  9937 | D:11     | XOM: confuse monster(s)
 10004 | D:11     | XOM: 2-stop teleportation journey
 10080 | D:11     | XOM: summons friendly shadow imp
 10088 | D:11     | XOM: smoke on damage
 10096 | D:11     | XOM: noise
 10103 | D:11     | Killed Sonja
 10164 | D:11     | XOM: silly message
 10414 | Lair:1   | Entered Level 1 of the Lair of Beasts
 10416 | Lair:1   | XOM: noise
 10524 | Lair:1   | Noticed a seven-headed hydra
 10527 | Lair:1   | XOM: silly message
 10533 | Lair:1   | XOM: divination: detect creatures
 10538 | Lair:1   | Killed a seven-headed hydra
 10539 | Lair:1   | Reached skill level 14 in Unarmed Combat
 10540 | Lair:1   | XOM: potion effect (curing)
 10541 | Lair:1   | XOM: confusion (+ monsters)
 10643 | Lair:1   | XOM: enchant monster (bad)
 10965 | Lair:1   | XOM: give mutations
 10965 | Lair:1   | Gained mutation: Your body sometimes deteriorates upon
                  | taking damage. [Xom's mischief]
 10965 | Lair:1   | Lost mutation: Your mind is acute. (Int +2) [Xom's
                  | mischief]
 10965 | Lair:1   | Lost mutation: Your muscles are strong. (Str +2) [Xom's
                  | mischief]
 11287 | Lair:2   | XOM: summons 3 friendly demons
 11382 | Lair:2   | Reached XP level 12. HP: 132/132 MP: 11/11
 11629 | Lair:2   | Noticed an eight-headed hydra
 11726 | Lair:2   | XOM: cleaving
 11756 | Lair:2   | XOM: enchant monster (good)
 11761 | Lair:2   | Killed an eight-headed hydra
 11926 | Lair:2   | Found a staircase to the Shoals.
 11932 | Lair:2   | XOM: smoke on damage
 12303 | Lair:3   | XOM is BORED!
 12303 | Lair:3   | XOM: give mutations
 12303 | Lair:3   | Gained mutation: You occasionally shout uncontrollably at
                  | your foes. [Xom's mischief]
 12303 | Lair:3   | Lost mutation: Your body sometimes deteriorates upon taking
                  | damage. [Xom's mischief]
 12303 | Lair:3   | Lost mutation: You are partially covered in iridescent
                  | scales. (AC +2) [Xom's mischief]
 12650 | Lair:3   | XOM: summons friendly quasit
 12733 | Lair:3   | Noticed a seven-headed hydra
 12741 | Lair:3   | XOM: confuse monster(s)
 12761 | Lair:3   | XOM: scenery: summon butterflies
 12762 | Lair:3   | XOM: summons friendly quasit
 12768 | Lair:3   | XOM: enchant monster (good)
 13249 | Lair:4   | Noticed a death yak
 13249 | Lair:4   | Noticed a death yak
 13249 | Lair:4   | Noticed a death yak
 13249 | Lair:4   | Noticed a death yak
 13249 | Lair:4   | Noticed a death yak
 13249 | Lair:4   | Noticed a death yak
 13257 | Lair:3   | Killed a death yak
 13258 | Lair:3   | Reached skill level 15 in Unarmed Combat
 13365 | Lair:4   | XOM: give mutations
 13365 | Lair:4   | Gained mutation: Your flesh is heat resistant. (rF+) [Xom's
                  | grace]
 13365 | Lair:4   | Gained mutation: You are extremely strong-willed. (Will+++)
                  | [Xom's grace]
 13504 | Lair:4   | XOM: summons 11 friendly demons
 13514 | Lair:4   | XOM: divination: magic mapping
 13560 | Lair:4   | XOM: confusion (+ monsters)
 13562 | Lair:4   | XOM: scenery: create altars
 13578 | Lair:4   | Killed a death yak
 13584 | Lair:4   | Killed a death yak
 13590 | Lair:4   | XOM: cleaving
 13594 | Lair:4   | Killed a death yak
 13606 | Lair:4   | Killed a death yak
 13615 | Lair:4   | Killed a death yak
 13679 | Lair:4   | Found a hole to the Spider Nest.
 13679 | Lair:4   | XOM: 4-stop teleportation journey
 13683 | Lair:4   | XOM: scenery: summon butterflies
 13697 | Lair:4   | XOM: summons friendly crimson imp
 13724 | Lair:4   | Found a shadowy altar of Dithmenos.
 13761 | Lair:4   | XOM: fake destruction
 13779 | Lair:4   | XOM: enchant monster (bad)
 13928 | Lair:4   | Reached XP level 13. HP: 141/141 MP: 12/12
 14294 | Lair:4   | XOM: confuse monster(s)
 14320 | Lair:4   | XOM: potion effect (curing)
 14342 | Lair:3   | XOM: noise
 14697 | D:12     | XOM: give mutations
 14697 | D:12     | Gained mutation: Your magical capacity is low. (-10% MP)
                  | [Xom's mischief]
 14697 | D:12     | Gained mutation: Your body sometimes deteriorates upon
                  | taking damage. [Xom's mischief]
 14718 | D:12     | Found a shadowy altar of Dithmenos.
 14735 | D:12     | XOM: summons 1 hostile demon
 14741 | D:12     | XOM: polymorph death knight -> merfolk
 14909 | D:12     | XOM: repel stairs
 14924 | D:12     | XOM: stat loss: -1 Int (19/20)
 14930 | D:12     | XOM: confusion
 15030 | D:12     | XOM: enchant monster (good)
 15113 | D:12     | XOM: cast spell 'Metabolic Englaciation'
 15163 | D:12     | Found a staircase to the Orcish Mines.
 15516 | D:12     | Reached skill level 16 in Unarmed Combat
 15735 | D:13     | Noticed Erolcha
 15744 | D:13     | Killed Erolcha
 15795 | D:13     | XOM: potion effect (might)
 16126 | D:13     | Found a gate to the Vaults.
 16127 | D:13     | XOM: fake destruction
 16128 | D:13     | XOM: cleaving
 16130 | D:13     | XOM: summons 2 friendly demons
 16156 | D:13     | XOM: cloud trail
 16233 | D:13     | XOM: polymorph manticore -> death drake
 16277 | D:13     | Noticed Snorg
 16286 | D:13     | XOM: summons friendly crimson imp
 16295 | D:13     | Killed Snorg
 16486 | D:14     | XOM: enchant monster (good)
 16640 | D:14     | Noticed Nefoifoa's ghost (journeyman TeGl)
 16650 | D:14     | Found a transporter.
 16665 | D:14     | Found a transporter.
 16752 | D:14     | Found a radiant altar of Vehumet.
 16834 | D:14     | XOM: summons 7 hostile demons
 16836 | D:14     | XOM: fake destruction
 16840 | D:14     | XOM: scenery: summon butterflies
 16958 | D:14     | Reached XP level 14. HP: 131/153 MP: 11/11
 17015 | D:14     | Reached skill level 17 in Unarmed Combat
 17058 | D:14     | XOM: fog
 17128 | D:14     | XOM: summons 14 friendly demons
 17207 | D:14     | XOM: potion effect (might)
 17322 | D:14     | XOM: 2-stop teleportation journey
 17513 | D:14     | XOM: summons 4 hostile shadow creatures
 17950 | D:13     | XOM: noise
 17961 | Orc:1    | Entered Level 1 of the Orcish Mines
 17961 | Orc:1    | Noticed an orc warlord
 17976 | Orc:1    | XOM: potion effect (haste)
 18149 | Orc:1    | XOM: chaos upgrade
 18157 | D:12     | Killed an orc warlord
 18288 | Orc:1    | Found Quellu Luge's CLEARANCE SALE! EVERYTHING MUST GO!.
 18430 | Orc:1    | XOM: 1-stop teleportation journey
 18437 | Orc:1    | XOM: noise
 18585 | Orc:2    | Entered Level 2 of the Orcish Mines
 18840 | Orc:2    | XOM: cast spell 'Summon Ice Beast'
 18873 | Orc:2    | XOM: confusion (+ monsters)
 18874 | Orc:2    | XOM: swap monsters
 18888 | Orc:2    | XOM: noise
 18925 | Orc:2    | XOM: scenery: create altars
 18927 | Orc:2    | XOM: cast spell 'Summon Ice Beast'
 19068 | Orc:2    | Reached skill level 5 in Slings
 19092 | Orc:2    | XOM: fog
 19094 | Orc:2    | XOM: destruction
 19190 | Orc:2    | XOM: stat loss: -1 Int (16/17)
 19222 | Orc:2    | XOM: cleaving
 19360 | Orc:2    | XOM: summons 4 hostile demons
 19394 | Orc:2    | Found Uqu Jul's Antique Weapon Boutique.
 19394 | Orc:2    | Found Uleit's Distillery.
 19399 | Orc:2    | Found Vusaidoc's Antique Armour Boutique.
 19399 | Orc:2    | Found Odik Qiss's Antique Weapon Emporium.
 19428 | Orc:2    | XOM: confusion
 19430 | Orc:2    | XOM: enchant monster (good)
 19525 | Orc:2    | XOM: give mutations
 19525 | Orc:2    | Lost mutation: Your magical capacity is low. (-10% MP)
                  | [Xom's mischief]
 19525 | Orc:2    | Lost mutation: Your body sometimes deteriorates upon taking
                  | damage. [Xom's mischief]
 19525 | Orc:2    | Lost mutation: You occasionally shout uncontrollably at
                  | your foes. [Xom's mischief]
 19536 | Orc:2    | XOM: summons 7 friendly demons
 19595 | Orc:1    | XOM: cloud trail
 19642 | Orc:2    | Found a staircase to the Elven Halls.
 19655 | Orc:2    | Reached skill level 18 in Unarmed Combat
 20131 | Orc:1    | XOM: cloud trail
 20149 | Orc:2    | XOM: give mutation
 20149 | Orc:2    | Gained mutation: You are weak. (Str -2) [Xom's mischief]
 20152 | Elf:1    | Entered Level 1 of the Elven Halls
 20161 | Elf:1    | XOM: summons 4 friendly demons
 20168 | Elf:1    | Reached XP level 15. HP: 162/163 MP: 14/14
 20177 | Elf:1    | XOM: noise
 20363 | Elf:1    | Identified the +1 cloak of Privacy {rF- rN+ rCorr Int+3}
 20422 | Elf:1    | XOM: summons 3 friendly demons
 20478 | Elf:1    | XOM: cast spell 'Death Channel'
 20487 | Elf:1    | XOM: noise
 20488 | Elf:1    | XOM: confusion
 20491 | Elf:1    | Shot with an arrow by a deep elf archer

Illustrated notes

Levels and vault maps discovered:
D:1:      onia_arrival_pentagram, layout_basic,
          hellmonk_ecumenical_altar_inner_sanctum
D:2:      layout_loops_ring
D:3:      layout_rooms, uniq_robin
D:4:      layout_loops_ring, xom_teletrap_fun, mainiacjoe_overflow_24_doors,
          minmay_mini_ossuary, uniq_grinder
D:5:      kennysheep_spiral_hall, layout_basic, gammafunk_temple_overflow_claw
D:6:      layout_basic, zin_treasury, minmay_temple_entry_wispy, serial_shops,
          shop
D:7:      layout_basic, pf_just_have_faith, old_standard_altar,
          grunt_ministairs_9
D:8:      layout_loops_ring, lemuel_crystal_altar, minmay_fountain_box,
          minmay_misc_feat_room
D:9:      layout_rooms, biasface_ghost_orc_armoury, st_stairs_13,
          roderic_roman_lattice
D:10:     layout_cave_pods, chei_slow_surprise,
          chequers_temple_overflow_statue_of_worship, lair_entry_dummy,
          uniq_grum
D:11:     layout_rooms, uniq_sonja
D:12:     layout_rooms, zombieorc2_lemuel, grunt_dithmenos_smoke_and_mirrors
D:13:     layout_irregular_city, erik_vaults_1, st_stairs_4, uniq_erolcha,
          uniq_snorg
D:14:     minmay_elf_outpost, layout_loops_corners, gammafunk_ghost_stat_death,
          nicolae_two_hexagons, vehumet_altar_wand_db
Temple:   eino_wide_crystal_templ
Lair:1:   layout_chaotic_city, guppyfry_lair_drakes
Lair:2:   layout_loops_ring, elwin_shoals_entry_stream, st_stairs_12,
          serial_bayou_shore_a, serial_bayou_shore_b, grunt_megastairs_5
Lair:3:   layout_small_grid, lemuel_fruit_tree
Lair:4:   wad_woods_tower, layout_cave_shapes, spider_nest_entry_a,
          lemuel_oklob_altar
Orc:1:    layout_diamond_mine, nicolae_shop_clearance
Orc:2:    st_orc_ogre_mass, layout_diamond_mine
Elf:1:    layout_geoelf_octagon, serial_shops, shop, evilmike_minifort

Skill      XL: |  1  2  3  4  5  6  7  8  9 10 11 12 13 14 |
---------------+-------------------------------------------+-----
Unarmed Combat | 4 5 6 7 8 9 11 12 14 15 16 18 | 18.1
Fighting       | 3 4 5 6 7 9 10 12 13 14 | 14.0
Slings         | 1 2 3 4 5 |  5.6
Shields        | 1 4 5 7 8 9 |  9.7
Dodging        | |  1.9

Action                   |  1- 3 |  4- 6 |  7- 9 | 10-12 | 13-15 || total
-------------------------+-------+-------+-------+-------+-------++-------
Melee: Unarmed           |    99 |    88 |   101 |   306 |   369 ||   963
       Punch             |     1 |     3 |     2 |     4 |       ||    10
       Kick              |       |       |    10 |    87 |    94 ||   191
       Dagger            |       |       |       |     8 |       ||     8
 Fire: Hunting sling     |       |    60 |   149 |   269 |   446 ||   924
Throw: Javelin           |       |     1 |       |       |       ||     1
  Use: Scroll            |       |    11 |     9 |    11 |     4 ||    35
       Potion            |       |       |       |     2 |     6 ||     8
 Stab: Confused          |       |       |     1 |       |       ||     1
       Distracted        |       |       |       |     1 |       ||     1
Armor: Robe              |    46 |    57 |    45 |   106 |    99 ||   353
Dodge: Dodged            |    46 |    49 |    42 |   103 |    97 ||   337
Block: Other             |       |       |    19 |    18 |       ||    37
       Reflection        |       |       |       |    12 |    45 ||    57
       Kite shield       |       |       |       |   166 |   312 ||   478

Table legend: (Time is in decaauts)
 A = Elapsed time spent in this place.
 B = Non-inter-level travel time spent in this place.
 C = Inter-level travel time spent in this place.
 D = Time resting spent in this place.
 E = Time spent auto-exploring this place.
 F = Levels seen in this place.
 G = Mean time per level.
                   A        B        C        D        E       F      G
               +--------+--------+--------+--------+--------+-----+--------+
         Total |  20190 |  18687 |   1503 |   1131 |  11391 |  22 |  917.7 |
       Dungeon |  13790 |  12705 |   1085 |    640 |   7974 |  14 |  985.0 |
        Temple |     51 |     43 |      8 |      0 |     42 |   1 |   51.0 |
          Lair |   4159 |   3914 |    245 |     94 |   2786 |   4 | 1039.8 |
  Orcish Mines |   1867 |   1702 |    165 |    294 |    537 |   2 |  933.5 |
   Elven Halls |    321 |    321 |      0 |    103 |     52 |   1 |  321.0 |
               +--------+--------+--------+--------+--------+-----+--------+

Top non-repeatable levels by time:
    D:10: 1669 daAuts
    D:14: 1455 daAuts
     D:7: 1129 daAuts
  Lair:3: 1090 daAuts
  Lair:2: 1076 daAuts
  Lair:4: 1065 daAuts
     D:1: 1023 daAuts
   Orc:2: 1003 daAuts
    D:12: 1001 daAuts
     D:5: 953 daAuts
     D:9: 927 daAuts
  Lair:1: 925 daAuts
     D:8: 907 daAuts
    D:11: 891 daAuts
    D:13: 887 daAuts
